 Dungeon Crawl Stone Soup version 0.31-a0-174-g85c54bcb58 (webtiles) character file.

Game seed: 7523220763413516810

13389 IndexError the Thaumaturge (level 12, -1/94 HPs)
             Began as a Gnoll Venom Mage on June 15, 2023.
             Was a Believer of Ashenzari.
             Slain by a minotaur
             ... wielding a +4 heavy orcbow
              (12 damage)
             ... in a Gauntlet.
             The game lasted 00:35:31 (15302 turns).

IndexError the Thaumaturge (Gnoll Venom Mage)      Turns: 15302, Time: 00:35:31

Health: -1/94      AC: 14    Str: 10    XL:     12   Next: 5%
Magic:  0/35       EV: 15    Int: 27    God:    Ashenzari [**....]
Gold:   271        SH:  0    Dex: 15    Spells: 11/32 levels left

rFire   . . .        H - +9 trident of Tumult {flame, rPois rC+ Dex+3}
rCold   + . .        (no shield)
rNeg    + . .        y - +2 leather armour of Cremastomancy {rPois, Self, Comp} (curse)
rPois   +            k - +0 helmet of the Wild Blue Yonder {Self, Melee} (curse)
rElec   .            q - +0 cloak
rCorr   .            K - +1 pair of gloves of the Ruined Augur {+Inv SInv, Bglg, Alch} (curse)
SInv    +            D - +2 pair of boots "Omniscient Ordeal" {rPois rN+ Will++ Str+3, Fort, Alch} (curse)
Will    +++..        G - amulet "Edudiugi" {Spirit Will+ MP+9}
Stlth   ++++         o - ring of see invisible {sInv, !d}
HPRegen 0.35/turn    x - +6 ring of intelligence
MPRegen 0.24/turn

%: no teleportation, guardian spirit
@: no status effects
A: fangs 1, strong nose, distributed training
a: Renounce Religion, Evoke Invisibility, Curse Item, Shatter the Chains


You were in a Gauntlet.
You worshipped Ashenzari.
Ashenzari was pleased with you.
You visited 1 branch of the dungeon, and saw 11 of its levels.
You also visited: Bailey and Gauntlet.

You collected 807 gold pieces.
You spent 536 gold pieces at shops.

Inventory:

Hand Weapons
 H - the +9 trident of Tumult (weapon) {flame, rPois rC+ Dex+3}
   (You bought it in a shop on level 9 of the Dungeon)

   Dex:       It affects your dexterity (+3).
   rC:        It protects you from cold.
   rPois:     It protects you from poison.
 M - the +3 dagger "Goisomobb" {freeze, rElec rF- Will++ SInv}
   (You found it in a bailey)

   rF:        It makes you vulnerable to fire.
   rElec:     It insulates you from electricity.
   SInv:      It lets you see invisible.
   Will:      It greatly increases your willpower.
Missiles
 d - 4 javelins
 w - a throwing net {=f, !d}
 E - 2 boomerangs of dispersal {=f}
Armour
 k - the cursed +0 helmet of the Wild Blue Yonder (worn) {Self, Melee}
   (You found it on level 1 of the Dungeon)

   It has a curse which improves the following skills: Introspection: Fighting
   and Spellcasting.
   Melee Combat: Short Blades, Long Blades, Axes, Maces & Flails, Polearms,
   Staves and Unarmed Combat.
 q - a +0 cloak (worn)
   (You found it on level 2 of the Dungeon)
 y - the cursed +2 leather armour of Cremastomancy (worn) {rPois, Self, Comp}
   (You bought it in a shop on level 6 of the Dungeon)

   It has a curse which improves the following skills: Introspection: Fighting
   and Spellcasting.
   Companions: Summonings and Necromancy.
 D - the cursed +2 pair of boots "Omniscient Ordeal" (worn) {rPois rN+ Will++ Str+3, Fort, Alch}
   (You found it in a Gauntlet)

   Str:       It affects your strength (+3).
   rPois:     It protects you from poison.
   rN:        It protects you from negative energy.
   Will:      It greatly increases your willpower.
   It has a curse which improves the following skills: Fortitude: Armour and
   Shields.
   Alchemy:   Poison Magic and Transmutations.
 F - the +2 hat "Zeumoci" {Will++ Str+6}
   (You found it in a Gauntlet)

   Str:       It affects your strength (+6).
   Will:      It greatly increases your willpower.
 K - the cursed +1 pair of gloves of the Ruined Augur (worn) {+Inv SInv, Bglg, Alch}
   (You acquired it in a bailey)

   SInv:      It lets you see invisible.
   +Inv:      It lets you turn invisible.
   It has a curse which improves the following skills: Beguiling: Conjurations,
   Hexes and Translocations.
   Alchemy:   Poison Magic and Transmutations.
 L - a +0 pair of boots
   (You found it in a bailey)
Magical Staves
 J - a staff of air {rElec}
   (You found it on level 9 of the Dungeon)
Jewellery
 g - a ring of protection from cold {rC+, !d}
   (You found it on level 1 of the Dungeon)
 m - a ring of ice {rC+, rF-}
   (You found it on level 9 of the Dungeon)
 o - a ring of see invisible (left hand) {sInv, !d}
   (You found it on level 2 of the Dungeon)
 x - a +6 ring of intelligence (right hand)
   (You bought it in a shop on level 5 of the Dungeon)
 G - the amulet "Edudiugi" (around neck) {Spirit Will+ MP+9}
   (You acquired it on level 8 of the Dungeon)

   [amulet of guardian spirit]

   It causes incoming damage to be divided between your reserves of health and
   magic.
   MP:        It affects your magic capacity (+9).
   Will:      It increases your willpower.
Wands
 n - a wand of paralysis (10)
   (You took it off a hobgoblin on level 2 of the Dungeon)
Scrolls
 a - 2 scrolls of fog
 c - 4 scrolls of blinking {!r}
 e - 3 scrolls of fear
 h - 7 scrolls of identify
 i - 4 scrolls of teleportation
 l - a scroll of immolation {!r}
 p - 2 scrolls of brand weapon
 t - 2 scrolls of revelation
 u - a scroll of noise {!r}
 z - 6 scrolls of poison
 B - a scroll of amnesia
 C - a scroll of silence
 I - 3 scrolls of enchant armour
Potions
 b - 4 potions of magic
 f - 6 potions of curing
 j - 7 potions of heal wounds
 r - 4 potions of cancellation
 v - a potion of ambrosia
 A - a potion of invisibility
Miscellaneous
 s - a piece from Xom's chessboard (14/15)
   (You found it in a Gauntlet)


   Skills:
 + Level 7.1(8.9) Fighting
 + Level 7.1(8.3) Short Blades
 + Level 7.1(8.3) Long Blades
 + Level 7.1(8.3) Axes
 + Level 7.1(8.3) Maces & Flails
 + Level 7.1(8.3) Polearms
 + Level 7.1(8.3) Staves
 + Level 7.1 Ranged Weapons
 + Level 7.1 Throwing
 + Level 7.1(8.3) Armour
 + Level 8.6 Dodging
 + Level 8.3 Stealth
 + Level 7.1(8.3) Shields
 + Level 7.1(8.3) Unarmed Combat
 + Level 8.8(10.6) Spellcasting
 + Level 5.9(7.1) Conjurations
 + Level 5.9(7.1) Hexes
 + Level 5.9(7.1) Summonings
 + Level 5.9(7.1) Necromancy
 + Level 5.9(7.1) Translocations
 + Level 6.3(8.1) Transmutations
 + Level 5.9 Fire Magic
 + Level 5.9 Ice Magic
 + Level 5.9 Air Magic
 + Level 5.9 Earth Magic
 + Level 8.2(10.0) Poison Magic
 + Level 7.8 Invocations
 + Level 7.1 Evocations


You had 11 spell levels left.
You knew the following spells:

 Your Spells              Type           Power      Damage    Failure   Level
a - Sting                 Tmut/Pois      100%       1d8       1%          1
b - Poisonous Vapours     Pois/Air       100%       N/A       1%          2
c - Spider Form           Tmut/Pois      58%        N/A       1%          3
d - Olgreb's Toxic Radia  Pois           62%        N/A       1%          4
e - Dispel Undead         Necr           51%        3d19      2%          4
x - Mephitic Cloud        Conj/Pois/Air  54%        N/A       1%          3
A - Animate Dead          Necr           51%        N/A       2%          4

Your spell library contained the following spells:

 Spells                   Type           Power      Damage    Failure   Level
 Beastly Appendage        Tmut           100%       N/A       1%          1
 Kiss of Death            Conj/Necr      100%       2d13      1%          1
 Cigotuvi's Dreadful Rot  Necr/Pois/Air  100%       N/A       1%          2
 Ensorcelled Hibernation  Hex/Ice        98%        N/A       1%          2
 Passwall                 Tmut/Erth      42%        N/A       1%          2
 Wereblood                Tmut           55%        N/A       1%          2
 Call Canine Familiar     Summ           51%        N/A       1%          3
 Confusing Touch          Hex            51%        N/A       1%          3
 Hailstorm                Conj/Ice       49%        3d11      1%          3
 Ozocubu's Armour         Ice            46%        N/A       1%          3
 Portal Projectile        Hex/Tloc       100%       N/A       1%          3
 Swiftness                Air            46%        N/A       1%          3
 Ice Form                 Ice/Tmut       51%        N/A       2%          4
 Leda's Liquefaction      Hex/Erth       24%        N/A       3%          4
 Metabolic Englaciation   Hex/Ice        24%        N/A       10%         5
 Death Channel            Necr           25%        N/A       38%         6
 Simulacrum               Ice/Necr       24%        N/A       47%         6
 Haunt                    Necr/Summ      25%        N/A       93%         7
 Infestation              Necr           25%        N/A       100%        8


Dungeon Overview and Level Annotations

Branches:
Dungeon (11/15)            Temple (0/1) D:5             Orc (0/2) D:10
 Bailey (visited)         Gauntlet (1/1)
   Lair: D:8-11

Altars:
Ashenzari
Elyvilon
Kikubaaqudgha
Makhleb
Ru
Uskayaw
Wu Jian
Xom
Zin

Shops:
D:5 *   D:6 *   D:9 *

Annotations:
D:8 2 transporters Gauntlet 12 transporters, exclusion: lightning spire


Innate Abilities, Weirdness & Mutations

You have very sharp teeth.
Your uncanny sense of smell can sniff out nearby items.
Your experience applies equally to all skills.


Message History

As you read the scroll of poison, it crumbles to dust.
Casting: Dispel Undead (dangerous; 2% risk of failure)
Confirm with . or Enter, or press ? or * to list all spells.
Aiming: Poisonous Vapours (safe; 1% risk of failure)
Press: ? - help, Dir - move target, f - minotaur
Aim: a minotaur, wielding a +4 heavy orcbow, wearing a +0 chain mail, wearing a +6 ring of strength and quivering javelins (wandering, hasn't noticed you) Poisonous vapours surround the minotaur!
The minotaur is poisoned.
The minotaur bellows!
The minotaur shoots an arrow.
The arrow hits you!
You take 10 damage, and have 84/94 hp.
You now have 29/35 mp.
Casting: Poisonous Vapours (safe; 1% risk of failure)
Confirm with . or Enter, or press ? or * to list all spells.
Aiming: Poisonous Vapours (safe; 1% risk of failure)
Press: ? - help, Dir - move target, f/p - minotaur
Aim: a minotaur, wielding a +4 heavy orcbow, wearing a +0 chain mail, wearing a +6 ring of strength and quivering javelins (very poisoned) Poisonous vapours surround the minotaur!
The minotaur looks as sick as possible!
You now have 27/35 mp.
You close the door.
Something unseen opens the door.
Ashenzari invites you to partake of a vision and a curse of melee combat and evocations.
Casting: Poisonous Vapours (safe; 1% risk of failure)
Confirm with . or Enter, or press ? or * to list all spells.
Aiming: Poisonous Vapours (safe; 1% risk of failure)
Press: ? - help, Dir - move target, f/p - minotaur
Aim: a minotaur, wielding a +4 heavy orcbow, wearing a +0 chain mail, wearing a +6 ring of strength and quivering javelins (lightly wounded, very poisoned) Poisonous vapours surround the minotaur!
The minotaur looks as sick as possible!
The minotaur hits you with a +4 heavy orcbow!
The minotaur barely misses you.
You take 5 damage, and have 81/94 hp.
You now have 24/35 mp.
You hit the minotaur. You burn the minotaur. Your punch misses the minotaur.
You hit the minotaur. You burn the minotaur. The minotaur closely misses you.
The minotaur gores you but does no damage.
You hit the minotaur but do no damage. You punch the minotaur.
Your bite misses the minotaur.
The minotaur drinks a potion.
The minotaur seems to speed up.
You hit the minotaur. You burn the minotaur.
You bite the minotaur, but do no damage.
The minotaur barely misses you. The minotaur misses you.
You hit the minotaur. You burn the minotaur.
The minotaur hits you with a +4 heavy orcbow!!
The minotaur closely misses you.
You take 14 damage, and have 69/94 hp.
You now have 21/35 mp.
You barely miss the minotaur.
The minotaur furiously retaliates!
The minotaur headbutts you. The minotaur misses you.
The minotaur gores you but does no damage.
You take 3 damage, and have 66/94 hp.
You now have 20/35 mp.
You hit the minotaur. You burn the minotaur.
The minotaur hits you with a +4 heavy orcbow!!
The minotaur barely misses you.
You take 17 damage, and have 49/94 hp.
You now have 14/35 mp.
You are too injured to fight recklessly!
You are too injured to fight recklessly!
You are too injured to fight recklessly!
As you read the scroll of fear, it crumbles to dust.
You assume a fearsome visage.
The minotaur easily resists.
The minotaur hits you but does no damage.
The minotaur gores you but does no damage.
Aiming: Paralyse
Press: ? - help, Shift-Dir - straight line, f/p - minotaur
Aim: a minotaur, wielding a +4 heavy orcbow, wearing a +0 chain mail, wearing a +6 ring of strength and quivering javelins (severely wounded, fast, very poisoned, chance to affect: 7%)
Okay, then.
You make a move on Xom's chessboard...
The minotaur resists with almost no effort.
The minotaur hits you but does no damage.
The minotaur gores you but does no damage.
Casting: Poisonous Vapours (safe; 1% risk of failure)
Confirm with . or Enter, or press ? or * to list all spells.
Aiming: Poisonous Vapours (safe; 1% risk of failure)
Press: ? - help, Dir - move target, f/p - minotaur
Aim: a minotaur, wielding a +4 heavy orcbow, wearing a +0 chain mail, wearing a +6 ring of strength and quivering javelins (severely wounded, fast, very poisoned) Poisonous vapours surround the minotaur!
The minotaur looks as sick as possible!
The minotaur hits you but does no damage.
The minotaur gores you.
You take 3 damage, and have 47/94 hp.
You now have 13/35 mp.
Casting: Poisonous Vapours (safe; 1% risk of failure)
Confirm with . or Enter, or press ? or * to list all spells.
Aiming: Poisonous Vapours (safe; 1% risk of failure)
Press: ? - help, Dir - move target, f/p - minotaur
Aim: a minotaur, wielding a +4 heavy orcbow, wearing a +0 chain mail, wearing a +6 ring of strength and quivering javelins (severely wounded, fast, extremely poisoned) Poisonous vapours surround the minotaur!
The minotaur looks as sick as possible!
The minotaur completely misses you. The minotaur gores you!
You take 6 damage, and have 41/94 hp.
You now have 9/35 mp.
You hit the minotaur but do no damage. The minotaur barely misses you.
The minotaur gores you but does no damage.
You closely miss the minotaur. You barely miss the minotaur.
The minotaur furiously retaliates!
The minotaur headbutts you!
The minotaur hits you with a +4 heavy orcbow!!
* * * LOW HITPOINT WARNING * * *
The minotaur gores you but does no damage.
You take 30 damage, and have 11/94 hp.
MASSIVE DAMAGE!!
You now have 3/35 mp.
You hit the minotaur. You burn the minotaur.
You bite the minotaur, but do no damage.
The minotaur hits you with a +4 heavy orcbow!
You die...

### ≈≈≈ * ≈∩ * .. ###.
*... ######H#######
.......@.....#
.###.###.###.# *
###.###.###.#
............#
#.###.###.###
#####.###.###.#####
#≈§..............≈# ##
####8..©.©.©.©.©.©..8####
### 8#
#8##§§..............≈##8#
#8#


You could see a minotaur (fast, extremely poisoned).

Vanquished Creatures
  Gastronok (D:8)
  3 two-headed ogres
  An orc knight (Bailey)
  A gargoyle (D:11)
  2 kobold demonologists (Bailey)
  A troll (D:9)
  2 hornets
  A vampire (D:10)
  A wraith (D:9)
  2 shadows (D:10)
  6 flying skulls (Gauntlet)
  3 yaks (D:8)
  Sigmund (D:6)
  2 wyverns
  A steam dragon (D:9)
  2 swamp worms (Gauntlet)
  3 water moccasins
  15 orc warriors
  An ogre (D:6)
  A centaur (D:5)
  3 phantoms
  4 kobold brigands
  2 bullfrogs
  A gnoll sergeant (D:6)
  2 scorpions (D:5)
  4 troll zombies (D:10)
  4 killer bees (D:7)
  10 electric eels
  5 howler monkeys
  3 hounds
  10 orc priests
  A gnoll bouda (D:7)
  2 jellies (D:5)
  2 sleepcaps
  4 iguanas
  11 orc wizards
  Terence (D:2)
  4 ogre zombies (D:10)
  Robin (D:3)
  14 gnolls
  7 adders
  A white imp (D:7)
  An ufetubus (D:6)
  3 dart slugs (D:1)
  32 orcs
  A bat (D:1)
  11 endoplasms
  2 giant cockroaches
  26 goblins
  15 hobgoblins
  5 jackals
  21 kobolds
  5 quokkas
  13 ball pythons
  4 frilled lizards
  A goblin skeleton (D:10)
  2 goblin zombies (D:10)
  6 hobgoblin zombies (D:10)
  2 orc skeletons (D:10)
  14 orc zombies (D:10)
  7 rats
317 creatures vanquished.

Vanquished Creatures (collateral kills)
  A two-headed ogre (D:9)
  An acid dragon (D:9)
  A jelly (D:8)
  A howler monkey (D:8)
  An electric eel (Bailey)
  A kobold (D:9)
6 creatures vanquished.

Vanquished Creatures (others)
  2 yak zombies (D:8)
  6 goblin zombies (Bailey)
  4 hobgoblin zombies (Bailey)
  5 kobold zombies (D:9)
  12 orc zombies
29 creatures vanquished.

Grand Total: 352 creatures vanquished

Notes
Turn   | Place    | Note
-------+----------+-------------------------------------------
     0 | D:1      | IndexError the Gnoll Venom Mage began the quest for the
                  | Orb.
     0 | D:1      | Reached XP level 1. HP: 13/13 MP: 6/6
   120 | D:1      | Reached skill level 2 in Transmutations
   201 | D:1      | Reached XP level 2. HP: 19/19 MP: 5/7
   506 | D:1      | Found a faded altar of an unknown god.
   552 | D:1      | Reached skill level 5 in Spellcasting
   552 | D:1      | Reached XP level 3. HP: 25/25 MP: 3/9
   813 | D:1      | Reached skill level 1 in Invocations
  1510 | D:2      | Reached skill level 1 in Fighting
  1510 | D:2      | Reached skill level 1 in Short Blades
  1510 | D:2      | Reached skill level 1 in Long Blades
  1510 | D:2      | Reached skill level 1 in Axes
  1510 | D:2      | Reached skill level 1 in Maces & Flails
  1510 | D:2      | Reached skill level 1 in Polearms
  1510 | D:2      | Reached skill level 1 in Staves
  1510 | D:2      | Reached skill level 1 in Ranged Weapons
  1510 | D:2      | Reached skill level 1 in Throwing
  1510 | D:2      | Reached skill level 1 in Armour
  1510 | D:2      | Reached skill level 1 in Shields
  1510 | D:2      | Reached skill level 1 in Unarmed Combat
  1510 | D:2      | Reached skill level 1 in Evocations
  1626 | D:2      | Learned a level 2 spell: Poisonous Vapours
  1652 | D:2      | Found a shimmering altar of Xom.
  1812 | D:2      | Noticed Terence
  1830 | D:2      | Killed Terence
  1831 | D:2      | Reached XP level 4. HP: 32/32 MP: 3/11
  2010 | D:2      | Reached skill level 1 in Conjurations
  2010 | D:2      | Reached skill level 1 in Hexes
  2010 | D:2      | Reached skill level 1 in Summonings
  2010 | D:2      | Reached skill level 1 in Necromancy
  2010 | D:2      | Reached skill level 1 in Translocations
  2010 | D:2      | Reached skill level 1 in Fire Magic
  2010 | D:2      | Reached skill level 1 in Ice Magic
  2010 | D:2      | Reached skill level 1 in Air Magic
  2010 | D:2      | Reached skill level 1 in Earth Magic
  2795 | D:3      | Learned a level 3 spell: Spider Form
  2800 | D:3      | Learned a level 4 spell: Olgreb's Toxic Radiance
  2804 | D:3      | Learned a level 3 spell: Mephitic Cloud
  2886 | D:3      | Found a glowing silver altar of Zin.
  2888 | D:3      | Noticed an angel
  2891 | D:3      | Found a shimmering altar of Xom.
  3030 | D:3      | Found a broken altar of Ashenzari.
  3100 | D:3      | Became a worshipper of Ashenzari the Shackled
  3156 | D:3      | Found a white marble altar of Elyvilon.
  3356 | D:3      | Noticed Robin
  3365 | D:3      | Reached XP level 5. HP: 32/37 MP: 6/12
  3381 | D:3      | Killed Robin
  4062 | D:4      | Reached skill level 2 in Invocations
  4267 | D:4      | Reached XP level 6. HP: 40/44 MP: 8/13
  4674 | D:4      | Reached skill level 2 in Fighting
  4674 | D:4      | Reached skill level 2 in Short Blades
  4674 | D:4      | Reached skill level 2 in Long Blades
  4674 | D:4      | Reached skill level 2 in Axes
  4674 | D:4      | Reached skill level 2 in Maces & Flails
  4674 | D:4      | Reached skill level 2 in Polearms
  4674 | D:4      | Reached skill level 2 in Staves
  4674 | D:4      | Reached skill level 2 in Ranged Weapons
  4674 | D:4      | Reached skill level 2 in Throwing
  4674 | D:4      | Reached skill level 2 in Armour
  4674 | D:4      | Reached skill level 5 in Dodging
  4674 | D:4      | Reached skill level 2 in Shields
  4674 | D:4      | Reached skill level 2 in Unarmed Combat
  4674 | D:4      | Reached skill level 2 in Evocations
  4871 | D:4      | Identified the cursed +3 dagger of the Esoteric Welkin
                  | {Alch, Comp} (You took it off a goblin on level 2 of the
                  | Dungeon)
  5494 | D:4      | Reached * piety under Ashenzari
  5540 | D:5      | Entered Level 5 of the Dungeon
  5540 | D:5      | Noticed a two-headed ogre
  5597 | D:5      | Reached XP level 7. HP: 50/50 MP: 6/15
  5598 | D:5      | Reached skill level 2 in Conjurations
  5598 | D:5      | Reached skill level 2 in Hexes
  5598 | D:5      | Reached skill level 2 in Summonings
  5598 | D:5      | Reached skill level 2 in Necromancy
  5598 | D:5      | Reached skill level 2 in Translocations
  5598 | D:5      | Reached skill level 2 in Fire Magic
  5598 | D:5      | Reached skill level 2 in Ice Magic
  5598 | D:5      | Reached skill level 2 in Air Magic
  5598 | D:5      | Reached skill level 2 in Earth Magic
  5685 | D:5      | Reached skill level 3 in Transmutations
  5690 | D:5      | HP: 12/51 [orc priest/divine providence (10)]
  5691 | D:5      | HP: 4/51 [orc wizard/magic dart (8)]
  5693 | D:5      | HP: 1/51 [orc wizard/+0 dagger (3)]
  5698 | D:5      | Reached skill level 5 in Stealth
  5978 | D:5      | Killed a two-headed ogre
  5979 | D:5      | Reached skill level 3 in Fighting
  5979 | D:5      | Reached skill level 3 in Short Blades
  5979 | D:5      | Reached skill level 3 in Long Blades
  5979 | D:5      | Reached skill level 3 in Axes
  5979 | D:5      | Reached skill level 3 in Maces & Flails
  5979 | D:5      | Reached skill level 3 in Polearms
  5979 | D:5      | Reached skill level 3 in Staves
  5979 | D:5      | Reached skill level 3 in Ranged Weapons
  5979 | D:5      | Reached skill level 3 in Throwing
  5979 | D:5      | Reached skill level 3 in Armour
  5979 | D:5      | Reached skill level 3 in Shields
  5979 | D:5      | Reached skill level 3 in Unarmed Combat
  5979 | D:5      | Reached skill level 6 in Spellcasting
  5979 | D:5      | Reached skill level 6 in Poison Magic
  5979 | D:5      | Reached skill level 3 in Invocations
  5979 | D:5      | Reached skill level 3 in Evocations
  5979 | D:5      | Reached XP level 8. HP: 58/58 MP: 10/17
  6339 | D:5      | Found a staircase to the Ecumenical Temple.
  6482 | D:5      | Reached skill level 3 in Conjurations
  6482 | D:5      | Reached skill level 3 in Hexes
  6482 | D:5      | Reached skill level 3 in Summonings
  6482 | D:5      | Reached skill level 3 in Necromancy
  6482 | D:5      | Reached skill level 3 in Translocations
  6482 | D:5      | Reached skill level 3 in Fire Magic
  6482 | D:5      | Reached skill level 3 in Ice Magic
  6482 | D:5      | Reached skill level 3 in Air Magic
  6482 | D:5      | Reached skill level 3 in Earth Magic
  6482 | D:5      | Reached skill level 4 in Invocations
  6773 | D:5      | Found Pallaabbu's Assorted Antiques.
  6780 | D:5      | Bought a small opal ring for 105 gold pieces
  7175 | D:6      | Reached skill level 6 in Dodging
  7269 | D:6      | Reached ** piety under Ashenzari
  7295 | D:6      | Noticed Sigmund
  7302 | D:6      | Killed Sigmund
  7303 | D:6      | Reached XP level 9. HP: 65/68 MP: 10/20
  7368 | D:6      | Reached skill level 4 in Fighting
  7368 | D:6      | Reached skill level 4 in Short Blades
  7368 | D:6      | Reached skill level 4 in Long Blades
  7368 | D:6      | Reached skill level 4 in Axes
  7368 | D:6      | Reached skill level 4 in Maces & Flails
  7368 | D:6      | Reached skill level 4 in Polearms
  7368 | D:6      | Reached skill level 4 in Staves
  7368 | D:6      | Reached skill level 4 in Ranged Weapons
  7368 | D:6      | Reached skill level 4 in Throwing
  7368 | D:6      | Reached skill level 4 in Armour
  7368 | D:6      | Reached skill level 4 in Shields
  7368 | D:6      | Reached skill level 4 in Unarmed Combat
  7368 | D:6      | Reached skill level 4 in Transmutations
  7368 | D:6      | Reached skill level 4 in Evocations
  7399 | D:6      | Found Dachaata's General Store.
  7418 | D:6      | Bought a +2 leather armour of poison resistance for 176
                  | gold pieces
  7802 | D:6      | Reached skill level 6 in Stealth
  7894 | D:6      | Learned a level 4 spell: Animate Dead
  7899 | D:6      | Learned a level 4 spell: Dispel Undead
  7958 | D:6      | Found a sacrificial altar of Ru.
  8102 | D:7      | Noticed a hornet
  8109 | D:7      | Killed a hornet
  8138 | D:7      | Reached skill level 5 in Invocations
  9022 | D:8      | Found a transporter.
  9103 | D:8      | Reached skill level 7 in Spellcasting
  9339 | D:8      | Found a hide-covered altar of Uskayaw.
  9358 | D:8      | Reached skill level 4 in Conjurations
  9358 | D:8      | Reached skill level 4 in Hexes
  9358 | D:8      | Reached skill level 4 in Summonings
  9358 | D:8      | Reached skill level 4 in Necromancy
  9358 | D:8      | Reached skill level 4 in Translocations
  9358 | D:8      | Reached skill level 4 in Fire Magic
  9358 | D:8      | Reached skill level 4 in Ice Magic
  9358 | D:8      | Reached skill level 4 in Air Magic
  9358 | D:8      | Reached skill level 4 in Earth Magic
  9461 | D:8      | Identified a scroll of acquirement
  9463 | D:8      | Noticed Gastronok
  9551 | D:8      | Killed Gastronok
  9552 | D:8      | Reached skill level 5 in Fighting
  9552 | D:8      | Reached skill level 5 in Short Blades
  9552 | D:8      | Reached skill level 5 in Long Blades
  9552 | D:8      | Reached skill level 5 in Axes
  9552 | D:8      | Reached skill level 5 in Maces & Flails
  9552 | D:8      | Reached skill level 5 in Polearms
  9552 | D:8      | Reached skill level 5 in Staves
  9552 | D:8      | Reached skill level 5 in Ranged Weapons
  9552 | D:8      | Reached skill level 5 in Throwing
  9552 | D:8      | Reached skill level 5 in Armour
  9552 | D:8      | Reached skill level 7 in Dodging
  9552 | D:8      | Reached skill level 5 in Shields
  9552 | D:8      | Reached skill level 5 in Unarmed Combat
  9552 | D:8      | Reached skill level 7 in Poison Magic
  9552 | D:8      | Reached skill level 5 in Evocations
  9552 | D:8      | Reached XP level 10. HP: 79/79 MP: 16/23
  9659 | D:8      | Acquired the amulet "Edudiugi" {Spirit Will+ MP+9}
  9750 | D:8      | Reached skill level 5 in Transmutations
  9788 | D:8      | Reached skill level 6 in Invocations
  9791 | D:8      | Reached skill level 7 in Stealth
  9871 | D:8      | Found a transporter.
 10484 | D:9      | Noticed a two-headed ogre
 10491 | D:9      | Killed a two-headed ogre
 10696 | D:9      | Reached skill level 6 in Fighting
 10696 | D:9      | Reached skill level 6 in Short Blades
 10696 | D:9      | Reached skill level 6 in Long Blades
 10696 | D:9      | Reached skill level 6 in Axes
 10696 | D:9      | Reached skill level 6 in Maces & Flails
 10696 | D:9      | Reached skill level 6 in Polearms
 10696 | D:9      | Reached skill level 6 in Staves
 10696 | D:9      | Reached skill level 6 in Ranged Weapons
 10696 | D:9      | Reached skill level 6 in Throwing
 10696 | D:9      | Reached skill level 6 in Armour
 10696 | D:9      | Reached skill level 6 in Shields
 10696 | D:9      | Reached skill level 6 in Unarmed Combat
 10696 | D:9      | Reached skill level 6 in Evocations
 10813 | D:9      | Reached skill level 5 in Conjurations
 10813 | D:9      | Reached skill level 5 in Hexes
 10813 | D:9      | Reached skill level 5 in Summonings
 10813 | D:9      | Reached skill level 5 in Necromancy
 10813 | D:9      | Reached skill level 5 in Translocations
 10813 | D:9      | Reached skill level 5 in Fire Magic
 10813 | D:9      | Reached skill level 5 in Ice Magic
 10813 | D:9      | Reached skill level 5 in Air Magic
 10813 | D:9      | Reached skill level 5 in Earth Magic
 10848 | D:9      | Reached XP level 11. HP: 23/86 MP: 1/24
 11041 | D:9      | Found Daq Weja's Assorted Antiques.
 11049 | D:9      | Bought an ancient trident for 255 gold pieces
 11049 | D:9      | Identified the +9 trident of Tumult {flame, rPois rC+
                  | Dex+3} (You bought it in a shop on level 9 of the Dungeon)
 11138 | D:9      | Reached skill level 8 in Spellcasting
 11592 | D:9      | Identified the cursed +0 helmet of the Wild Blue Yonder
                  | {Self, Melee} (You found it on level 1 of the Dungeon)
 11721 | D:10     | Entered Level 10 of the Dungeon
 11898 | D:10     | Found a flagged portal.
 12005 | Bailey   | Entered a bailey
 12273 | Bailey   | Identified the +3 dagger "Goisomobb" {freeze, rElec rF-
                  | Will++ SInv}
 12375 | Bailey   | Acquired the +1 pair of gloves "Bofy" {+Inv SInv}
 12399 | Bailey   | Reached skill level 7 in Invocations
 12423 | Bailey   | Found an iron altar of Okawaru.
 12423 | Bailey   | Noticed an orc knight
 12434 | Bailey   | Reached skill level 8 in Dodging
 12441 | Bailey   | Killed an orc knight
 13205 | D:10     | Found a staircase to the Orcish Mines.
 13509 | D:10     | Found an ancient bone altar of Kikubaaqudgha.
 13569 | D:10     | Found an ornate altar of the Wu Jian Council.
 13628 | D:10     | Reached skill level 6 in Transmutations
 13721 | D:10     | Noticed a two-headed ogre
 13753 | D:10     | Found a burning altar of Makhleb.
 13759 | D:10     | Killed a two-headed ogre
 13760 | D:10     | Reached skill level 8 in Stealth
 13808 | D:10     | Noticed a two-headed ogre
 13808 | D:10     | Identified the +2 robe of the Elephant {Harm MP+9 Str+2}
 13847 | D:10     | Killed a two-headed ogre
 13848 | D:10     | Reached skill level 8 in Poison Magic
 14200 | D:11     | Found a gate leading to a gauntlet.
 14217 | D:11     | Reached skill level 7 in Fighting
 14217 | D:11     | Reached skill level 7 in Short Blades
 14217 | D:11     | Reached skill level 7 in Long Blades
 14217 | D:11     | Reached skill level 7 in Axes
 14217 | D:11     | Reached skill level 7 in Maces & Flails
 14217 | D:11     | Reached skill level 7 in Polearms
 14217 | D:11     | Reached skill level 7 in Staves
 14217 | D:11     | Reached skill level 7 in Ranged Weapons
 14217 | D:11     | Reached skill level 7 in Throwing
 14217 | D:11     | Reached skill level 7 in Armour
 14217 | D:11     | Reached skill level 7 in Shields
 14217 | D:11     | Reached skill level 7 in Unarmed Combat
 14217 | D:11     | Reached skill level 7 in Evocations
 14228 | Gauntlet | Entered a Gauntlet
 14228 | Gauntlet | Found a transporter.
 14291 | Gauntlet | Found a transporter.
 14291 | Gauntlet | Found a transporter.
 14300 | Gauntlet | Found a transporter.
 14300 | Gauntlet | Identified the +2 pair of boots of Jigsaw {rPois rN+ Will++
                  | Str+3}
 14315 | Gauntlet | Found a transporter.
 14320 | Gauntlet | Found a transporter.
 14330 | Gauntlet | Noticed a dire elephant
 14336 | Gauntlet | Found a transporter.
 14336 | Gauntlet | Identified the +2 hat "Zeumoci" {Will++ Str+6}
 14355 | Gauntlet | Found a transporter.
 14367 | Gauntlet | Found a transporter.
 14367 | Gauntlet | Noticed a death drake
 14372 | Gauntlet | Found a transporter.
 14381 | Gauntlet | Identified the +0 helmet of Ypny {Int+2}
 14389 | Gauntlet | Found a transporter.
 14397 | Gauntlet | Found a transporter.
 14414 | Gauntlet | Found a transporter.
 14423 | Gauntlet | Found a transporter.
 14435 | Gauntlet | Noticed a fire crab
 14445 | Gauntlet | Found a transporter.
 14460 | Gauntlet | Found a transporter.
 14462 | Gauntlet | Found a transporter.
 14462 | Gauntlet | Identified the +5 morningstar of Mana {venom, rElec}
 14474 | Gauntlet | Noticed a sixfirhy
 14489 | Gauntlet | Found a transporter.
 14825 | Gauntlet | HP: 14/87 [swamp worm (15)]
 15072 | Gauntlet | Reached XP level 12. HP: 82/93 MP: 10/26
 15277 | Gauntlet | Identified the staff of earth "Diatuel" {Int+4}
 15277 | Gauntlet | Identified the staff of earth "Kueqaecoab" {Fly rPois rN+
                  | Str+2}
 15277 | Gauntlet | Noticed a minotaur
 15301 | Gauntlet | HP: 11/94 [minotaur/+4 heavy orcbow (20)]
 15302 | Gauntlet | Slain by a minotaur

Illustrated notes

Levels and vault maps discovered:
D:1:      amcnicky_arrival_abandoned_market, layout_basic,
          shapermc_ecumenical_altar_gd
D:2:      minmay_recursive_quarters, layout_basic, basic_altar, uniq_terence
D:3:      layout_basic, grunt_temple_overflow_order_and_chaos_1,
          cheibrodos_ashenzari_chains,
          mainiacjoe_overflow_concentric_impassable, uniq_robin
D:4:      layout_layer_cave, kennysheep_opposing_triangles
D:5:      layout_basic, minmay_temple_entry_proselytizer, serial_shops, shop
D:6:      layout_rooms, nicolae_ru_the_path_less_chosen, serial_shops, shop,
          uniq_sigmund
D:7:      layout_cave_pools, chequers_serial_rivers_large_a
D:8:      gammafunk_cloud_chamber, layout_gridville,
          mainiacjoe_overflow_24_doors, nicolae_eternal_life,
          supply_closet_lemuel, uniq_gastronok
D:9:      layout_basic, serial_shops, nicolae_shop_overgrown_old_shop
D:10:     layout_rooms, grunt_temple_overflow_open, zombieorc2_lemuel,
          enter_bailey_3, kennysheep_generic_room_6
D:11:     layout_grid_maze, erik_lair_island, gauntlet_entry_generic,
          serial_shops, nicolae_shop_hallway_stairs,
          hangedman_abyss_or_decor_lesser_grid
Gauntlet: gammafunk_gauntlet_one_two_three [gammafunk_gauntlet_arena_crates,
          gammafunk_gauntlet_arena_split_diamond, nicolae_gauntlet_arena_x,
          gammafunk_gauntlet_arena_spirals, nicolae_gauntlet_arena_t_cross,
          gammafunk_gauntlet_arena_split_x, nicolae_gauntlet_arena_flowing_pool,
          nicolae_gauntlet_arena_quarters, nicolae_gauntlet_arena_grate_2,
          gauntlet_exit_watery]

Skill      XL: |  1  2  3  4  5  6  7  8  9 10 11 |
---------------+----------------------------------+-----
Transmutations | 2 3 4 5 6 |  6.3
Spellcasting   | 5 6 7 8 |  8.8
Invocations    | 1 2 3 4 5 6 7 |  7.8
Fighting       | 1 2 3 5 6 7 |  7.1
Short Blades   | 1 2 3 5 6 7 |  7.1
Long Blades    | 1 2 3 5 6 7 |  7.1
Axes           | 1 2 3 5 6 7 |  7.1
Maces & Flails | 1 2 3 5 6 7 |  7.1
Polearms       | 1 2 3 5 6 7 |  7.1
Staves         | 1 2 3 5 6 7 |  7.1
Ranged Weapons | 1 2 3 5 6 7 |  7.1
Throwing       | 1 2 3 5 6 7 |  7.1
Armour         | 1 2 3 5 6 7 |  7.1
Shields        | 1 2 3 5 6 7 |  7.1
Unarmed Combat | 1 2 3 5 6 7 |  7.1
Evocations     | 1 2 3 5 6 7 |  7.1
Conjurations   | 1 2 3 4 5 |  5.9
Hexes          | 1 2 3 4 5 |  5.9
Summonings     | 1 2 3 4 5 |  5.9
Necromancy     | 1 2 3 4 5 |  5.9
Translocations | 1 2 3 4 5 |  5.9
Fire Magic     | 1 2 3 4 5 |  5.9
Ice Magic      | 1 2 3 4 5 |  5.9
Air Magic      | 1 2 3 4 5 |  5.9
Earth Magic    | 1 2 3 4 5 |  5.9
Dodging        | 5 6 7 8 |  8.6
Stealth        | 5 6 7 8 |  8.3
Poison Magic   | 6 7 8 |  8.2

Action                     |  1- 3 |  4- 6 |  7- 9 | 10-12 || total
---------------------------+-------+-------+-------+-------++-------
  Melee: Spear             |    28 |     6 |       |       ||    34
         Bite              |     6 |    12 |    15 |    19 ||    52
         Dagger            |       |    84 |   108 |    98 ||   290
         Unarmed           |       |    10 |       |     2 ||    12
         Punch             |       |       |     3 |    14 ||    17
         Trident           |       |       |       |   122 ||   122
   Cast: Sting             |    57 |    26 |    62 |    18 ||   163
         Poisonous Vapours |     8 |    35 |    48 |    90 ||   181
         Olgreb's Toxic Ra |       |     5 |    13 |    24 ||    42
         Spider Form       |       |     2 |       |     1 ||     3
         Animate Dead      |       |       |     1 |     8 ||     9
         Dispel Undead     |       |       |       |    20 ||    20
 Invoke: Curse Item        |       |     2 |     2 |     2 ||     6
         Shatter the Chain |       |       |       |     2 ||     2
  Evoke: Piece from Xom's  |       |       |       |     1 ||     1
    Use: Scroll            |       |       |       |     4 ||     4
   Stab: Sleeping          |       |     6 |       |     5 ||    11
         Distracted        |       |       |       |     2 ||     2
 Armour: Robe              |     2 |    20 |     9 |       ||    31
         Leather armour    |       |       |    19 |    76 ||    95
  Dodge: Dodged            |    11 |    79 |    88 |   152 ||   330

Table legend: (Time is in decaauts)
 A = Elapsed time spent in this place.
 B = Non-inter-level travel time spent in this place.
 C = Inter-level travel time spent in this place.
 D = Time resting spent in this place.
 E = Time spent auto-exploring this place.
 F = Levels seen in this place.
 G = Mean time per level.
                   A        B        C        D        E       F      G
               +--------+--------+--------+--------+--------+-----+--------+
         Total |  15394 |  14404 |    990 |     69 |  11673 |  13 | 1184.2 |
       Dungeon |  13079 |  12089 |    990 |     64 |   9995 |  11 | 1189.0 |
        Bailey |   1244 |   1244 |      0 |      5 |    958 |   1 | 1244.0 |
      Gauntlet |   1070 |   1070 |      0 |      0 |    719 |   1 | 1070.0 |
               +--------+--------+--------+--------+--------+-----+--------+

Top non-repeatable levels by time:
     D:5: 1660 daAuts
     D:4: 1625 daAuts
     D:9: 1544 daAuts
     D:8: 1511 daAuts
     D:2: 1460 daAuts
     D:1: 1402 daAuts
  Bailey: 1244 daAuts
     D:3: 1096 daAuts
Gauntlet: 1070 daAuts
    D:10: 1070 daAuts
     D:6: 828 daAuts
     D:7: 808 daAuts
    D:11: 71 daAuts

Levels and vault maps discovered:
D:1:      amcnicky_arrival_abandoned_market, layout_basic,
          shapermc_ecumenical_altar_gd
D:2:      minmay_recursive_quarters, layout_basic, basic_altar, uniq_terence
D:3:      layout_basic, grunt_temple_overflow_order_and_chaos_1,
          cheibrodos_ashenzari_chains,
          mainiacjoe_overflow_concentric_impassable, uniq_robin
D:4:      layout_layer_cave, kennysheep_opposing_triangles
D:5:      layout_basic, minmay_temple_entry_proselytizer, serial_shops, shop
D:6:      layout_rooms, nicolae_ru_the_path_less_chosen, serial_shops, shop,
          uniq_sigmund
D:7:      layout_cave_pools, chequers_serial_rivers_large_a
D:8:      gammafunk_cloud_chamber, layout_gridville,
          mainiacjoe_overflow_24_doors, nicolae_eternal_life,
          supply_closet_lemuel, uniq_gastronok
D:9:      layout_basic, serial_shops, nicolae_shop_overgrown_old_shop
D:10:     layout_rooms, grunt_temple_overflow_open, zombieorc2_lemuel,
          enter_bailey_3, kennysheep_generic_room_6
D:11:     layout_grid_maze, erik_lair_island, gauntlet_entry_generic,
          serial_shops, nicolae_shop_hallway_stairs,
          hangedman_abyss_or_decor_lesser_grid
Gauntlet: gammafunk_gauntlet_one_two_three [gammafunk_gauntlet_arena_crates,
          gammafunk_gauntlet_arena_split_diamond, nicolae_gauntlet_arena_x,
          gammafunk_gauntlet_arena_spirals, nicolae_gauntlet_arena_t_cross,
          gammafunk_gauntlet_arena_split_x, nicolae_gauntlet_arena_flowing_pool,
          nicolae_gauntlet_arena_quarters, nicolae_gauntlet_arena_grate_2,
          gauntlet_exit_watery]

Table legend: (Time is in decaauts)
 A = Elapsed time spent in this place.
 B = Non-inter-level travel time spent in this place.
 C = Inter-level travel time spent in this place.
 D = Time resting spent in this place.
 E = Time spent auto-exploring this place.
 F = Levels seen in this place.
 G = Mean time per level.
                   A        B        C        D        E       F      G
               +--------+--------+--------+--------+--------+-----+--------+
         Total |  15394 |  14404 |    990 |     69 |  11673 |  13 | 1184.2 |
       Dungeon |  13079 |  12089 |    990 |     64 |   9995 |  11 | 1189.0 |
        Bailey |   1244 |   1244 |      0 |      5 |    958 |   1 | 1244.0 |
      Gauntlet |   1070 |   1070 |      0 |      0 |    719 |   1 | 1070.0 |
               +--------+--------+--------+--------+--------+-----+--------+

Top non-repeatable levels by time:
     D:5: 1660 daAuts
     D:4: 1625 daAuts
     D:9: 1544 daAuts
     D:8: 1511 daAuts
     D:2: 1460 daAuts
     D:1: 1402 daAuts
  Bailey: 1244 daAuts
     D:3: 1096 daAuts
Gauntlet: 1070 daAuts
    D:10: 1070 daAuts
     D:6: 828 daAuts
     D:7: 808 daAuts
    D:11: 71 daAuts

Table legend:
 A = Kills in this place as a percentage of kills in the entire game.
 B = Kills by you in this place as a percentage of kills by you in the entire game.
 C = Kills by friends in this place as a percentage of kills by friends in the entire game.
 D = Other kills in this place as a percentage of other kills in the entire game.
 E = Experience gained in this place as a percentage of experience gained in the entire game.
 F = Experience gained in this place divided by the number of levels of this place that you have seen.
                   A       B       C       D       E      F
               +-------+-------+-------+-------+-------+----------------------
         Total | 100.0 | 100.0 | 100.0 |   N/A | 100.0 | 1471.4
       Dungeon |  85.8 |  85.8 |  83.3 |   N/A |  74.0 | 1287.1
        Bailey |  11.8 |  11.7 |  16.7 |   N/A |  17.2 | 3286.0
      Gauntlet |   2.5 |   2.5 |   0.0 |   N/A |   8.8 | 1684.0
               +-------+-------+-------+-------+-------+----------------------
